 Dungeon Crawl Stone Soup version 0.23-b1-3-gdda8187c6f (webtiles) character file.

Game seed: 1630454214009891069

122150 Majang the Severer (level 16, 0/150 HPs)
             Began as a Deep Dwarf Fighter on Jan 31, 2019.
             Was the Champion of Makhleb.
             Shot with an arrow by a naga sharpshooter (4 damage)
             ... on level 4 of the Snake Pit on Feb 1, 2019.
             The game lasted 02:04:20 (21838 turns).

Majang the Severer (Deep Dwarf Fighter)            Turns: 21838, Time: 02:04:21

Health: 0/150      AC: 22    Str: 26    XL:     16   Next: 34%
Magic:  25/25      EV:  9    Int: 10    God:    Makhleb [******]
Gold:   1943       SH: 14    Dex: 12    Spells: 15/15 levels left

rFire    + + +     SeeInvis .   s - +3 war axe (vamp)
rCold    + . .     Gourm    .   c - +1 shield
rNeg     + . .     Faith    +   X - +2 plate armour {rF+}
rPois    +         Spirit   .   z - +1 helmet
rElec    .         Reflect  .   V - scarf {rC+ rF+}
rCorr    .         Harm     .   H - +1 pair of gloves
MR       ++...                  (no boots)
Stlth    ..........             i - amulet of faith
HPRegen  0.00/turn              x - ring of poison resistance
MPRegen  0.19/turn              u - ring of protection from fire

@: non-regenerating, constricted
A: damage resistance, heal wounds, negative energy resistance 1, sense
surroundings 2, no regeneration
a: Heal Wounds, Minor Destruction, Lesser Servant of Makhleb, Major Destruction,
Greater Servant of Makhleb, Renounce Religion


You were on level 4 of the Snake Pit.
You worshipped Makhleb.
Makhleb was exalted by your worship.
You were not hungry.

You visited 5 branches of the dungeon, and saw 25 of its levels.
You also visited: Ice Cave and Volcano.

You collected 2261 gold pieces.
You spent 318 gold pieces at shops.

Inventory:

Hand Weapons
 g - a +0 broad axe
 s - a +3 vampiric war axe (weapon)
 U - a +0 broad axe
Armour
 c - a +1 shield (worn)
 r - a scarf of repulsion
 z - a +1 helmet (worn)
 H - a +1 pair of gloves (worn)
 V - a scarf of resistance (worn)
 X - a +2 plate armour of fire resistance (worn)
Jewellery
 b - a +3 ring of dexterity
 d - an uncursed ring of protection from magic {unknown}
 i - an amulet of faith (around neck)
 u - a ring of protection from fire (right hand)
 x - a ring of poison resistance (left hand)
 L - an uncursed ring of protection from cold
 O - an uncursed ring of see invisible
 T - a cursed ring of protection from cold
Wands
 h - a wand of scattershot (4)
 w - a wand of paralysis (11)
 M - a wand of iceblast (2)
 P - a wand of acid (13)
 R - a wand of digging (7)
 W - a wand of disintegration (4)
Scrolls
 a - a scroll of summoning
 f - a scroll of fear
 k - a scroll of immolation
 l - 5 scrolls of fog
 m - 10 scrolls of teleportation
 o - 15 scrolls of remove curse
 p - 8 scrolls of identify
 t - 3 scrolls of blinking
Potions
 e - 2 potions of lignification
 n - 9 potions of curing
 q - 6 potions of agility
 C - 5 potions of flight
 D - 2 potions of berserk rage
Miscellaneous
 j - a phantom mirror
Comestibles
 y - 42 rations


   Skills:
 + Level 11.0 Fighting
 * Level 17.0 Axes
 + Level 11.6 Armour
 + Level 11.3 Dodging
 + Level 11.8 Shields
 - Level 12.0 Invocations
 + Level 13.1 Evocations


You had 15 spell levels left.
You didn't know any spells.
Your spell library contained the following spells:

 Spells                   Type           Power        Failure   Level  Hunger
 Corona                   Hex            #......      99%         1    ##.....
 Shock                    Conj/Air       #...         99%         1    ##.....
 Corpse Rot               Necr           N/A          100%        2    ###....
 Ensorcelled Hibernation  Hex/Ice        #.....       100%        2    ###....
 Passwall                 Tmut/Erth      #.......     100%        2    ###....
 Swiftness                Chrm/Air       #.......     100%        2    ###....
 Confuse                  Hex            #.......     100%        3    ####...
 Dazzling Spray           Conj/Hex       #.....       100%        3    ####...
 Recall                   Summ/Tloc      N/A          100%        3    ####...
 Static Discharge         Conj/Air       #.......     100%        3    ####...
 Stone Arrow              Conj/Erth      #.....       100%        3    ####...
 Tukima's Dance           Hex            #.......     100%        3    ####...
 Airstrike                Air            #.........   100%        4    #####..
 Animate Dead             Necr           N/A          100%        4    #####..
 Leda's Liquefaction      Hex/Erth       #.........   100%        4    #####..
 Passage of Golubria      Tloc           N/A          100%        4    #####..
 Borgnjor's Vile Clutch   Necr/Erth      #.........   100%        5    ######.
 Lee's Rapid Deconstruct  Erth           #.........   100%        5    ######.
 Lightning Bolt           Conj/Air       #.........   100%        5    ######.
 Summon Forest            Summ/Tloc      #.........   100%        5    ######.
 Darkness                 Hex            #.........   100%        6    #######
 Death Channel            Necr           #.........   100%        6    #######
 Hydra Form               Tmut           #.........   100%        6    #######
 Invisibility             Hex            #.......     100%        6    #######
 Simulacrum               Ice/Necr       #.........   100%        6    #######
 Summon Hydra             Summ           #.........   100%        7    #######


Dungeon Overview and Level Annotations

Branches:
Dungeon (12/15)            Temple (1/1) D:7            Lair (6/6) D:11
 Shoals (0/4) Lair:4        Snake (4/4) Lair:3        Slime (0/5) Lair:6
    Orc (2/2) D:12            Elf (0/3) Orc:2

Altars:
Ashenzari
Cheibriados
Dithmenos
Elyvilon
Fedhas
Gozag
Hepliaklqana
Kikubaaqudgha
Makhleb
Nemelex Xobeh
Okawaru
Qazlal
Ru
Sif Muna
Trog
Uskayaw
Vehumet
Wu Jian
Xom
Yredelemnul
Zin
The Shining One
Beogh
Jiyva

Shops:
D:6 (   Orc:2 [[=*%%

Annotations:
Lair:2 3 runed translucent doors, Dumidips's ghost, journeyman OpMo
Lair:5 exclusion: oklob plant


Innate Abilities, Weirdness & Mutations

You are resistant to damage.
You can heal yourself by infusing magical energy.
You resist negative energy. (rN+)
You passively map the area around you.
You do not regenerate.


Message History

The shock serpent bites you. The shock serpent shocks you!
* * * LOW HITPOINT WARNING * * *
A naga comes into view. It is wielding a +0 glaive.
The anaconda barely misses you.
* * * LOW HITPOINT WARNING * * *
The anaconda constricts you.
The black mamba bites you but does no damage.
Your plate armour prevents you from hitting the shock serpent.
The shock serpent is severely wounded.
The naga shouts!
You hit the black mamba. You slash the anaconda!
You block the shock serpent's attack. The anaconda completely misses you.
The anaconda constricts you.
The black mamba bites you but does no damage.
The naga sharpshooter unwields a +0 flail.
The naga sharpshooter wields a +0 longbow.
The naga sharpshooter gestures wildly while chanting.
The naga sharpshooter magically shoots an arrow.
The arrow hits you!
You die...

**, , , , ,
,,N......# * , * ,
,,, NN....# ,*
,.....# , * , , ,*
##....# ,, ** , ,
#.....# * , ,
##..NN.# *,, , ,
,,, , [##...SSS# *
, , , , .......@.#
, , * , , * ,
.........# ,, *, ,
,.........#* ,, ,
#..#######..# ,, ,
,
..#*##..#.....#..#
,, ,
...##...#.....#..#
, , ,
........#.....#..#*
* , ,
........#.....#..#
, ,,
........#####'#..#
*,,, , ,


You could see a naga sharpshooter, an anaconda, a shock serpent, a black mamba,
a naga mage and 3 nagas.

Vanquished Creatures
  Vashnia (Snake:4)
  Rupert (Lair:6)
  Kirke (Lair:6)
  Frances (D:12)
  A nagaraja (Snake:2)
  A red draconian (Volcano)
  Snorg (Orc:2)
  Erolcha (D:9)
  3 hydras
  5 naga warriors
  A catoblepas (Lair:5)
  Erica (D:8)
  A merfolk avatar (Lair:6)
  2 centaur warriors
  2 ogre magi (Orc:2)
  7 death yaks (Lair:6)
  4 anacondas
  A death knight (D:12)
  10 two-headed ogres
  12 naga sharpshooters
  3 shock serpents
  An iron troll (Orc:2)
  A salamander mystic (Snake:3)
  A deep troll (Orc:2)
  4 unseen horrors
  A naga ritualist (Snake:1)
  3 sea snakes (Snake:3)
  2 lindwurms
  3 mana vipers
  Pikel (D:4)
  3 ugly things
  11 salamanders
  3 cyclopes
  2 manticores
  14 elephants
  18 black mambas
  Joseph (D:8)
  A torpor snail (Lair:4)
  4 guardian serpents
  12 naga magi
  2 ice statues (IceCv)
  2 molten gargoyles (Volcano)
  A centaur skeleton (D:10)
  12 spiny frogs
  12 komodo dragons
  2 yaktaurs (Volcano)
  A rime drake (Lair:6)
  A freezing wraith (D:12)
  6 polar bears (Lair:6)
  3 meliai (Lair:4)
  2 wind drakes (Lair:6)
  10 trolls
  A queen bee (Lair:4)
  5 hornets
  8 hippogriffs
  12 blink frogs
  2 dream sheep (Lair:4)
  3 spriggans (Lair:4)
  3 wraiths (D:12)
  40 yaks
  6 wyverns
  Eustachio (D:5)
  A fire bat (Volcano)
  A steam dragon (D:11)
  2 hungry ghosts
  6 basilisks
  30 nagas
  2 wargs
  Menkaure (D:4)
  A soldier ant (D:8)
  15 water moccasins
  11 porcupines
  13 orc warriors
  8 ice beasts
  2 slaves (D:4)
  A black bear (D:11)
  A necrophage (D:10)
  22 ogres
  5 phantoms
  5 centaurs
  An eye of draining (D:9)
  15 crocodiles
  18 wolves
  2 big kobolds
  A gnoll sergeant (D:10)
  7 bullfrogs
  A wyvern zombie (D:12)
  A wyvern skeleton (D:11)
  A water moccasin skeleton (D:5)
  6 scorpions
  32 killer bees
  8 wights
  An electric eel (Lair:1)
  A howler monkey (D:5)
  A centaur zombie (D:9)
  5 lava snakes (Volcano)
  3 crimson imps
  2 jellies
  A bullfrog zombie (D:12)
  9 orc priests
  7 hounds
  7 iguanas
  Terence (D:3)
  4 worker ants
  10 orc wizards
  2 hound skeletons
  A worker ant zombie (D:7)
  12 gnolls
  9 adders
  3 shadow imps
  12 white imps (D:12)
  6 oozes
  An adder skeleton (D:7)
  2 worms
  2 dart slugs
  4 leopard geckos
  91 orcs
  6 bats
  2 giant cockroaches
  4 goblins
  10 hobgoblins
  12 jackals
  3 quokkas
  3 ball pythons
  2 ball python skeletons
  8 frilled lizards
  12 kobolds
  A quokka skeleton (D:5)
  11 rats
  4 fungi
776 creatures vanquished.

Vanquished Creatures (collateral kills)
  A fungus (Lair:6)
1 creature vanquished.

Vanquished Creatures (others)
  A naga warrior (Snake:2)
  3 humans (Lair:6)
  A worker ant (D:4)
  A gnoll (D:8)
  A bush (Lair:6)
  29 fungi
  43 plants
79 creatures vanquished.

Grand Total: 856 creatures vanquished

Notes
Turn   | Place    | Note
-------+----------+-------------------------------------------
     0 | D:1      | Majang the Deep Dwarf Fighter began the quest for the Orb.
     0 | D:1      | Reached XP level 1. HP: 20/20 MP: 1/1
   121 | D:1      | Reached skill level 3 in Axes
   121 | D:1      | Reached XP level 2. HP: 25/28 MP: 2/2
   396 | D:1      | Reached XP level 3. HP: 28/34 MP: 3/3
  1164 | D:2      | Reached skill level 4 in Axes
  1169 | D:2      | Reached XP level 4. HP: 26/42 MP: 4/4
  1887 | D:3      | Noticed an orc warrior
  1895 | D:3      | Killed an orc warrior
  1895 | D:3      | Reached skill level 5 in Axes
  1895 | D:3      | Reached XP level 5. HP: 50/50 MP: 5/5
  2252 | D:3      | Noticed Terence
  2263 | D:3      | Killed Terence
  2272 | D:3      | Found an opulent altar of Gozag.
  2518 | D:4      | Noticed Menkaure
  2522 | D:4      | Reached XP level 6. HP: 49/57 MP: 6/6
  2523 | D:4      | Reached skill level 6 in Axes
  2527 | D:4      | Killed Menkaure
  2637 | D:4      | Reached skill level 7 in Axes
  2637 | D:4      | Reached XP level 7. HP: 25/66 MP: 7/7
  2667 | D:4      | Noticed Pikel
  2692 | D:4      | Killed Pikel
  2692 | D:4      | Reached skill level 5 in Fighting
  2692 | D:4      | Reached skill level 8 in Axes
  3048 | D:5      | Entered Level 5 of the Dungeon
  3050 | D:5      | Noticed Eustachio
  3053 | D:5      | Reached XP level 8. HP: 75/75 MP: 8/8
  3062 | D:5      | Killed Eustachio
  3062 | D:5      | Reached skill level 1 in Dodging
  3062 | D:5      | Reached skill level 1 in Evocations
  3188 | D:5      | Reached skill level 9 in Axes
  4075 | D:6      | Found Egrir's Antique Weapon Boutique.
  4195 | D:7      | Gained mutation: You passively map the area around you.
                  | [Deep Dwarf growth]
  4195 | D:7      | Reached XP level 9. HP: 82/82 MP: 11/11
  4212 | D:7      | Found a staircase to the Ecumenical Temple.
  4223 | Temple   | Entered the Ecumenical Temple
  4264 | Temple   | Became a worshipper of Makhleb the Destroyer
  4505 | D:7      | Reached skill level 1 in Invocations
  4513 | D:7      | Found an ornate altar of the Wu Jian Council.
  4997 | D:8      | Noticed Joseph
  5028 | D:8      | Killed Joseph
  5028 | D:8      | Reached skill level 10 in Axes
  5128 | D:8      | Reached * piety under Makhleb
  5144 | D:8      | Noticed a two-headed ogre
  5152 | D:8      | Killed a two-headed ogre
  5152 | D:8      | Reached skill level 5 in Armour
  5152 | D:8      | Reached skill level 5 in Shields
  5237 | D:8      | Reached skill level 5 in Evocations
  5257 | D:8      | Paralysed by a hornet for 1 turns
  5261 | D:8      | Paralysed by a hornet for 1 turns
  5615 | D:8      | Noticed Erica
  5642 | D:8      | Killed Erica
  5642 | D:8      | Reached XP level 10. HP: 42/92 MP: 12/14
  6062 | D:9      | You fall through a shaft for 3 floors!
  6115 | D:12     | Noticed a centaur warrior
  6135 | D:12     | Killed a centaur warrior
  6135 | D:12     | Reached skill level 11 in Axes
  6135 | D:12     | Reached skill level 5 in Dodging
  6177 | D:12     | Killed an unseen horror
  6214 | D:12     | Found a frozen archway.
  6236 | D:12     | Noticed a death knight
  6238 | D:12     | Reached ** piety under Makhleb
  6261 | D:12     | Reached skill level 5 in Invocations
  6287 | D:12     | Killed a death knight
  6314 | D:12     | Reached XP level 11. HP: 76/100 MP: 16/16
  6328 | IceCv    | Entered an ice cave
  6328 | IceCv    | Noticed a white ugly thing
  6343 | IceCv    | Killed a white ugly thing
  6349 | IceCv    | Found a transporter.
  6364 | IceCv    | Noticed a white ugly thing
  6370 | IceCv    | Killed a white ugly thing
  6371 | IceCv    | Found a transporter.
  6466 | D:11     | Reached *** piety under Makhleb
  6517 | D:10     | Entered Level 10 of the Dungeon
  6603 | D:10     | Found a sparkling altar of Nemelex Xobeh.
  6644 | D:10     | Killed an unseen horror
  6644 | D:10     | Reached skill level 12 in Axes
  6783 | D:9      | Noticed Erolcha
  6804 | D:9      | Killed Erolcha
  6900 | D:9      | Killed an unseen horror
  6911 | D:9      | Reached **** piety under Makhleb
  6925 | D:9      | Noticed a two-headed ogre
  6940 | D:9      | Killed a two-headed ogre
  8195 | D:11     | Reached XP level 12. HP: 104/110 MP: 18/18
  8338 | D:11     | Found a staircase to the Lair.
  8555 | D:11     | Found an opulent altar of Gozag.
  8825 | Lair:1   | Entered Level 1 of the Lair of Beasts
  9161 | Lair:1   | Reached ***** piety under Makhleb
  9182 | Lair:1   | Reached skill level 13 in Axes
 10218 | Lair:2   | Found a runed translucent gate.
 10218 | Lair:2   | Found a runed translucent gate.
 10218 | Lair:2   | Found a runed translucent gate.
 10218 | Lair:2   | Noticed a death ooze
 10218 | Lair:2   | Noticed Dumidips's ghost (journeyman OpMo)
 10702 | Lair:2   | Found a viscous altar of Jiyva.
 11359 | Lair:3   | Noticed a four-headed hydra
 11363 | Lair:3   | Killed a four-headed hydra
 11392 | Lair:3   | Reached XP level 13. HP: 118/118 MP: 20/20
 11691 | Lair:3   | Found a staircase to the Snake Pit.
 12222 | Lair:4   | Reached skill level 10 in Evocations
 12224 | Lair:4   | Reached ****** piety under Makhleb
 12231 | Lair:4   | Reached skill level 14 in Axes
 12637 | Lair:4   | Found a staircase to the Shoals.
 13332 | Lair:5   | Found a blossoming altar of Fedhas.
 13613 | Lair:5   | Found a dark tunnel.
 13648 | Volcano  | Entered a volcano
 13842 | Volcano  | Found a radiant altar of Vehumet.
 13872 | Volcano  | Noticed a red draconian
 13900 | Volcano  | Killed a red draconian
 14869 | Lair:6   | Entered Level 6 of the Lair of Beasts
 14869 | Lair:6   | Noticed Rupert
 14915 | Lair:6   | Killed Rupert
 14915 | Lair:6   | Reached skill level 10 in Invocations
 14920 | Lair:6   | Found a runed translucent door.
 14920 | Lair:6   | Found a viscous altar of Jiyva.
 14920 | Lair:6   | Found a staircase to the Slime Pits.
 14928 | Lair:6   | Gained mutation: You resist negative energy. (rN+) [Deep
                  | Dwarf growth]
 14928 | Lair:6   | Reached XP level 14. HP: 129/129 MP: 22/22
 15092 | Lair:6   | Noticed Kirke
 15149 | Lair:6   | Killed Kirke
 15183 | Lair:6   | Reached skill level 10 in Shields
 15253 | Lair:6   | Paralysed by a hornet for 2 turns
 15275 | Lair:6   | Reached skill level 15 in Axes
 15322 | Lair:6   | Found a stormy altar of Qazlal.
 15572 | Lair:6   | Reached skill level 10 in Armour
 16051 | Lair:6   | Reached skill level 10 in Fighting
 16752 | D:12     | Found a staircase to the Orcish Mines.
 16991 | D:12     | Noticed Frances
 17014 | D:12     | Killed Frances
 17375 | Orc:1    | Entered Level 1 of the Orcish Mines
 17452 | Orc:1    | Found a roughly hewn altar of Beogh.
 17824 | Orc:2    | Entered Level 2 of the Orcish Mines
 17824 | Orc:2    | Found Ably's Food Emporium.
 17824 | Orc:2    | Noticed Snorg
 17834 | Orc:2    | Killed Snorg
 17834 | Orc:2    | Reached skill level 10 in Dodging
 17850 | Orc:2    | Found a staircase to the Elven Halls.
 17942 | Orc:2    | Reached XP level 15. HP: 138/138 MP: 23/23
 18169 | Orc:2    | Found Becvyisa's Assorted Antiques.
 18169 | Orc:2    | Found Baor's Antique Armour Boutique.
 18184 | Orc:2    | Found Qylia's Food Shoppe.
 18206 | Orc:2    | Found Cofarat's Jewellery Shop.
 18214 | Orc:2    | Bought an uncursed ring of poison resistance for 240 gold
                  | pieces
 18214 | Orc:2    | Bought a cursed amulet of inaccuracy for 24 gold pieces
 18214 | Orc:2    | Bought a cursed ring of teleportation for 54 gold pieces
 18236 | Orc:2    | Found Qefrioch's Antique Armour Emporium.
 18796 | Snake:1  | Entered Level 1 of the Snake Pit
 18822 | Snake:1  | Reached skill level 16 in Axes
 19758 | Snake:2  | Noticed a nagaraja
 19771 | Snake:2  | Killed a nagaraja
 19793 | Snake:2  | You fall through a shaft!
 20794 | Snake:3  | Reached XP level 16. HP: 148/148 MP: 25/25
 20851 | Snake:3  | Got a pair of dazzling gloves
 20852 | Snake:3  | Identified the +0 pair of gloves "Civohi" {-Tele rF++} (You
                  | found it on level 3 of the Snake Pit)
 21304 | Snake:4  | Entered Level 4 of the Snake Pit
 21305 | Snake:4  | Noticed Vashnia
 21561 | Snake:4  | Killed Vashnia
 21561 | Snake:4  | Reached skill level 17 in Axes
 21834 | Snake:4  | HP: 7/150 [shock serpent/bolt of electricity (19)]
 21838 | Snake:4  | Shot with an arrow by a naga sharpshooter

Skill      XL: |  1  2  3  4  5  6  7  8  9 10 11 12 13 14 15 16 |
---------------+-------------------------------------------------+-----
Fighting       | 3 4 5 6 7 8 9 10 11 | 11.0
Axes           | 3 4 5 7 8 9 10 11 12 13 14 15 16 17 | 17.0
Dodging        | 2 4 5 6 8 9 10 11 | 11.3
Evocations     | 3 5 6 8 9 10 11 12 13 | 13.1
Armour         | 4 5 6 7 8 9 10 11 | 11.6
Shields        | 4 5 6 7 8 9 10 11 | 11.8
Invocations    | 3 5 7 8 10 11 12 | 12.0

Action                   |  1- 3 |  4- 6 |  7- 9 | 10-12 | 13-15 | 16-18 || total
-------------------------+-------+-------+-------+-------+-------+-------++-------
Melee: War axe           |   113 |   144 |   327 |   950 |  2208 |   193 ||  3935
Invok: Minor Destruction |       |       |       |    18 |     8 |       ||    26
       Major Destruction |       |       |       |       |     3 |       ||     3
 Abil: Heal Wounds       |       |     1 |     1 |     3 |       |       ||     5
Evoke: Wand              |       |       |       |     4 |    14 |       ||    18
  Use: Scroll            |       |     3 |     2 |    13 |     4 |     1 ||    23
       Potion            |       |     1 |     1 |     3 |    13 |     5 ||    23
  Eat: Chunk             |       |     4 |    10 |    21 |    32 |     2 ||    69
       Ration            |       |     2 |       |     1 |     1 |     1 ||     5
Armor: Scale mail        |    53 |    71 |    68 |       |       |       ||   192
       Chain mail        |       |       |    61 |   249 |       |       ||   310
       Plate armour      |       |       |       |   213 |   788 |    59 ||  1060
Dodge: Dodged            |    34 |    41 |    91 |   265 |   643 |    58 ||  1132
       Deflected         |       |       |       |       |     1 |       ||     1
Block: Shield            |    73 |    65 |   158 |   544 |  1259 |   132 ||  2231
